 Dungeon Crawl Stone Soup version 0.28-a0-998-gb9e9c7b67e (webtiles) character file.

Game seed: 2829306281042958370

17 ytrimaz the Insei (level 2, -4/18 HPs)
             Began as an Octopode Transmuter on Dec 5, 2021.
             Slain by a gnoll (7 damage)
             ... on level 2 of the Dungeon.
             The game lasted 00:01:27 (1445 turns).

ytrimaz the Insei (Octopode Transmuter)             Turns: 1445, Time: 00:01:28

Health: -4/18      AC:  1    Str:  9    XL:     2   Next: 62%
Magic:  5/5        EV: 13    Int: 15    God:
Gold:   18         SH:  0    Dex: 12    Spells: 4/5 levels left

rFire   . . .      SeeInvis .     - Unarmed
rCold   . . .      Faith    .   (no shield)
rNeg    . . .      Spirit   .   (helmet restricted)
rPois   .          Reflect  .   (no amulet)
rElec   .          Harm     .   (no ring)
rCorr   .          Rampage  .   (no ring)
Will    .....                   (no ring)
Stlth   ++........              (no ring)
HPRegen 0.06/turn               (no ring)
MPRegen 0.09/turn               (no ring)
                                (no ring)
                                (no ring)

@: no status effects
A: almost no armour, amphibious, 8 rings, camouflage 1, gelatinous body 1,
(nimble swimmer 1), tentacles
a: no special abilities


You were on level 2 of the Dungeon.
You visited 1 branch of the dungeon, and saw 2 of its levels.

You collected 36 gold pieces.
You spent 18 gold pieces at shops.

Inventory:

Scrolls
 a - a scroll of enchant weapon {unknown}


   Skills:
 * Level 1.4 Fighting
 - Level 2.0 Dodging
 + Level 3.4 Unarmed Combat
 + Level 2.1 Spellcasting
 + Level 2.2 Transmutations


You had 4 spell levels left.
You knew the following spells:

 Your Spells              Type           Power      Damage    Failure   Level
a - Beastly Appendage     Tmut           16%        N/A       9%          1

Your spell library contained the following spells:

 Spells                   Type           Power      Damage    Failure   Level
 Wereblood                Tmut           8%         N/A       14%         2
 Spider Form              Tmut/Pois      4%         N/A       38%         3
 Ice Form                 Ice/Tmut       4%         N/A       80%         4


Dungeon Overview and Level Annotations

Branches:
Dungeon (2/15)

Altars:

Shops:
D:1 **?


Innate Abilities, Weirdness & Mutations

You cannot wear most types of armour.
You are amphibious.
You can wear up to eight rings at the same time.
Your skin changes colour to match your surroundings (Stealth+).
Your rubbery body absorbs attacks. (AC +1, EV +1)
((You are camouflaged near water. (Stealth+)))
You have tentacles for arms and can constrict up to eight enemies at once.


Message History

Key pressed, stopping explore.
Found a stone staircase leading up.
Found a dagger.
One of your tentacles grows a vicious spike.
Your transformation is almost over.
Your tentacle spike disappears.
Found 23 bolts.
There is an open door here.
You see here 23 bolts.
A rat and a gnoll come into view.
The gnoll shouts!
You hear a shout!
A gnoll comes into view. It is wielding a +0 spear.
There are monsters nearby!
There are monsters nearby!
One of your tentacles grows a vicious spike.
A gnoll comes into view. It is wielding a +0 club.
The rat bites you.
The gnoll shouts!
You tentacle-slap the rat.
You kill the rat!
An endoplasm comes into view.
Found 14 gold pieces.
You see here a rat corpse.
Your transformation is almost over.
You see here 23 bolts.
There is an open door here.
Your tentacle spike disappears.
You tentacle-slap the gnoll. Your grab misses the gnoll.
The gnoll is lightly wounded.
The gnoll barely misses you. The gnoll closely misses you.
The gnoll hits you from afar with a +0 spear!
Ouch! That really hurt!
The gnoll barely misses you. x2
Unknown command.
The gnoll hits you with a +0 club.
* * * LOW HITPOINT WARNING * * *
There is a stone staircase leading down here.
There is a stone staircase leading down here.
The gnoll hits you from afar with a +0 spear!
You die...

'...................#
#.#
#......###.#..##....#
#.# #......#
#.#...#....# ...
#......# #.#..g#....#
#.# #......#
#.#......#.# ########
#.###..###.#
#.....g....#
#########.g####
..........@#
############


You could see 3 gnolls.

Vanquished Creatures
  A bat (D:1)
  2 endoplasms (D:1)
  3 goblins
  2 hobgoblins
  A quokka (D:2)
  A frilled lizard (D:1)
  2 kobolds
  4 rats
16 creatures vanquished.

Notes
Turn   | Place    | Note
-------+----------+-------------------------------------------
     0 | D:1      | ytrimaz the Octopode Transmuter began the quest for the
                  | Orb.
     0 | D:1      | Reached XP level 1. HP: 13/13 MP: 3/3
   176 | D:1      | Found Nufesch's General Store.
   315 | D:1      | Found Fiobo's Assorted Antiques.
   324 | D:1      | Bought a scroll labelled FIAMMA WIEDGH for 18 gold pieces
   392 | D:1      | Reached XP level 2. HP: 17/18 MP: 3/5
   673 | D:1      | Found Rugeo's Magic Scroll Shoppe.
  1445 | D:2      | Slain by a gnoll

Illustrated notes

Levels and vault maps discovered:
D:1:      scummos_arrival_simple_fountains, layout_loops_ring, serial_shops,
          shop, shop, shop
D:2:      layout_basic, kennysheep_generic_room_7

Action                   || total
-------------------------++-------
Melee: Unarmed           ||    35
       Constrict         ||     7
       Kick              ||     4
       Tentacles         ||     1
 Cast: Beastly Appendage ||    18
  Use: Scroll            ||     1
 Stab: Sleeping          ||     4
Armor: Skin              ||     1
Dodge: Dodged            ||    31

Table legend: (Time is in decaauts)
 A = Elapsed time spent in this place.
 B = Non-inter-level travel time spent in this place.
 C = Inter-level travel time spent in this place.
 D = Time resting spent in this place.
 E = Time spent auto-exploring this place.
 F = Levels seen in this place.
 G = Mean time per level.
                   A        B        C        D        E       F      G
               +--------+--------+--------+--------+--------+-----+--------+
         Total |   1442 |   1438 |      4 |      0 |   1200 |   2 |  721.0 |
       Dungeon |   1442 |   1438 |      4 |      0 |   1200 |   2 |  721.0 |
               +--------+--------+--------+--------+--------+-----+--------+

Top non-repeatable levels by time:
     D:1: 887 daAuts
     D:2: 555 daAuts
